 Dungeon Crawl Stone Soup version 0.29.0-13-gc9e81de378 (webtiles) character file.

Game seed: 8528377591576186532

5 pacmanke6689 the Grave Robber (level 1, -1/13 HPs)
             Began as a Human Necromancer on Sept 10, 2022.
             Slain by a giant cockroach (2 damage)
             ... on level 1 of the Dungeon.
             The game lasted 00:01:07 (183 turns).

pacmanke6689 the Grave Robber (Human Necromancer)    Turns: 183, Time: 00:01:08

Health: -1/13      AC:  2    Str:  8    XL:     1   Next: 88%
Magic:  1/3        EV: 12    Int: 15    God:
Gold:   0          SH:  0    Dex: 13    Spells: 3/4 levels left

rFire   . . .      SeeInvis .   (no weapon)
rCold   . . .      Faith    .   (no shield)
rNeg    . . .      Spirit   .   a - +0 robe
rPois   .          Reflect  .   (no helmet)
rElec   .          Harm     .   (no cloak)
rCorr   .          Rampage  .   (no gloves)
Will    .....                   (no boots)
Stlth   ++........              (no amulet)
HPRegen 0.04/turn               (no ring)
MPRegen 0.08/turn               (no ring)

@: no status effects
A: no striking features
a: no special abilities


You were on level 1 of the Dungeon.
You visited 1 branch of the dungeon, and saw 1 of its levels.

Inventory:

Armour
 a - a +0 robe (worn)
Jewellery
 c - a ring of positive energy


   Skills:
 + Level 2.0 Dodging
 + Level 2.0 Stealth
 + Level 2.0 Spellcasting
 + Level 4.2 Necromancy


You had 3 spell levels left.
You knew the following spells:

 Your Spells              Type           Power      Damage    Failure   Level
a - Necrotise             Necr           56%        1d6       3%          1

Your spell library contained the following spells:

 Spells                   Type           Power      Damage    Failure   Level
 Vampiric Draining        Necr           14%        2d7       12%         3
 Animate Dead             Necr           14%        N/A       36%         4
 Agony                    Necr           14%        N/A       71%         5


Dungeon Overview and Level Annotations

Branches:
Dungeon (1/15)

Altars:


Message History

The goblin writhes in agony.
The giant cockroach misses you. The goblin closely misses you.
Aiming: Necrotise (safe; 4% risk of failure)
Press: ? - help, Q - select action Shift-Dir - straight line, f/p - goblin
Aim: a goblin, wielding a +0 club (heavily wounded, chance to affect: 84%)
The goblin writhes in agony.
You kill the goblin!
The dead are walking!
The giant cockroach bites you but does no damage.
The giant cockroach bites you.
You hit the giant cockroach but do no damage.
The giant cockroach bites you.
Your magical contamination has completely faded away.
You hit the giant cockroach but do no damage.
The giant cockroach waves its antennae.
The giant cockroach closely misses you.
Your goblin skeleton barely misses the giant cockroach.
You hit the giant cockroach.
The giant cockroach is moderately wounded.
The giant cockroach barely misses you.
You hit the giant cockroach but do no damage.
Your punch misses the giant cockroach.
The giant cockroach is moderately wounded.
The giant cockroach barely misses you.
Your goblin skeleton hits the giant cockroach but does no damage.
The giant cockroach barely misses you.
You closely miss the giant cockroach.
Your goblin skeleton hits the giant cockroach but does no damage.
The giant cockroach bites you.
* * * LOW HITPOINT WARNING * * *
You barely miss the giant cockroach. The giant cockroach bites you.
* * * LOW HITPOINT WARNING * * *
Your goblin skeleton hits the giant cockroach.
The giant cockroach barely misses you.
Your goblin skeleton closely misses the giant cockroach.
The giant cockroach closely misses you. The giant cockroach barely misses you.
Your goblin skeleton hits the giant cockroach.
The giant cockroach bites you.
You die...

... #.#.## #.....####
##.###....# .....##.#.##
#. #..B.#.)#####
#.##...##......#
#.#....#....##.##########
#.#.##=....##.Z.@........
#.$..###.####...B...####
##.#.B...# #.......#
#.#####...$...........
##.#####.####.......####
.......... .........#
....................#
.#.#####.############
.#.#


You could see a giant cockroach (ally target) and a friendly goblin skeleton.

Vanquished Creatures
  A giant cockroach (D:1)
  A goblin (D:1)
  A quokka (D:1)
  A frilled lizard (D:1)
4 creatures vanquished.

Vanquished Creatures (collateral kills)
  A bat (D:1)
1 creature vanquished.

Grand Total: 5 creatures vanquished

Notes
Turn   | Place    | Note
-------+----------+-------------------------------------------
     0 | D:1      | pacmanke6689 the Human Necromancer began the quest for the
                  | Orb.
     0 | D:1      | Reached XP level 1. HP: 13/13 MP: 3/3
   183 | D:1      | Slain by a giant cockroach

Illustrated notes

Levels and vault maps discovered:
D:1:      eino_arrival_cavern_b, layout_loops_ring,
          shapermc_ecumenical_altar_venn, minmay_pentomino_s4

Action                   || total
-------------------------++-------
Melee: Unarmed           ||    19
 Cast: Necrotise         ||     8
  Use: Potion            ||     1
Armor: Robe              ||     8
Dodge: Dodged            ||    31
